 Dungeon Crawl Stone Soup version 0.29-a0-330-g52719c12eb (webtiles) character file.

Game seed: 2341880710768611599

154 DrCj the Ruffian (level 5, -1/81 HPs)
             Began as an Ogre Transmuter on May 27, 2022.
             Splashed by a jelly's acid (3 damage)
             ... on level 4 of the Dungeon.
             The game lasted 00:10:08 (3932 turns).

DrCj the Ruffian (Ogre Transmuter)                  Turns: 3932, Time: 00:10:09

Health: -1/81      AC:  6    Str: 14    XL:     5   Next: 36%
Magic:  7/8        EV:  1    Int: 14    God:
Gold:   95         SH:  0    Dex: 11    Spells: 5/8 levels left

rFire   . . .      SeeInvis .   r - +2 dagger (venom)
rCold   . . .      Faith    .   (no shield)
rNeg    . . .      Spirit   .   (body armour currently unavailable)
rPois   +          Reflect  .   (helmet currently unavailable)
rElec   .          Harm     .   (cloak currently unavailable)
rCorr   .          Rampage  .   (gloves unavailable)
Will    .....      NoTele   +   (boots unavailable)
Stlth   +.........              (no amulet)
HPRegen 0.23/turn               (no ring)
MPRegen 0.11/turn               (no ring)

@: tree-form, corroded
A: stationary, stasis, torment immunity, boosted hp, large, unfitting armour,
(tough skin 1)
a: no special abilities


You were on level 4 of the Dungeon.
You were a tree.
You visited 1 branch of the dungeon, and saw 4 of its levels.

You collected 95 gold pieces.

Inventory:

Hand Weapons
 i - a +2 short sword of draining
 r - a +2 dagger of venom (weapon)
Missiles
 c - 76 stones
 m - 4 poisoned darts (quivered)
 u - 4 boomerangs
Armour
 a - a +0 robe (melded)
Scrolls
 e - 2 scrolls of teleportation {unknown}
 g - a scroll of identify
 h - 3 scrolls of fog
 k - a scroll of enchant weapon
 l - a scroll of summoning {unknown}
 n - a scroll of enchant armour {unknown}
 o - a scroll of fear {unknown}
 q - a scroll of magic mapping {unknown}
 s - a scroll of silence {unknown}
 t - a scroll of noise {unknown}
Potions
 b - a potion of lignification
 d - a potion of brilliance {unknown}
 f - 2 potions of resistance
 j - a potion of heal wounds {unknown}
 p - a potion of mutation {unknown}
 v - 2 potions of attraction


   Skills:
 + Level 3.8 Fighting
 - Level 1.7 Dodging
 * Level 4.6 Unarmed Combat
 - Level 2.4 Spellcasting
 - Level 1.7 Transmutations


You had 5 spell levels left.
You knew the following spells:

 Your Spells              Type           Power      Damage    Failure   Level
a - Beastly Appendage     Tmut           12%        N/A       11%         1
b - Wereblood             Tmut           6%         N/A       17%         2

Your spell library contained the following spells:

 Spells                   Type           Power      Damage    Failure   Level
 Summon Small Mammal      Summ           4%         N/A       22%         1
 Passwall                 Tmut/Erth      3%         N/A       24%         2
 Ensorcelled Hibernation  Hex/Ice        2%         N/A       34%         2
 Spider Form              Tmut/Pois      4%         N/A       43%         3
 Call Canine Familiar     Summ           1%         N/A       56%         3
 Summon Guardian Golem    Hex/Summ       1%         N/A       56%         3
 Swiftness                Air            1%         N/A       56%         3
 Ice Form                 Ice/Tmut       4%         N/A       85%         4


Dungeon Overview and Level Annotations

Branches:
Dungeon (4/15)
 Temple: D:4-7

Altars:
Dithmenos

Shops:
D:3 (   D:4 (


Innate Abilities, Weirdness & Mutations

You are a tree.
Your roots penetrate the ground, keeping you stationary.
You cannot be teleported.
You are immune to unholy pain and torment.
Your maximum health is greatly increased.
Your equipment is partially melded.
You are too large for most types of armour.
((You have tough skin. (AC +1)))


Message History

Throw: 5 darts (poison)
Press: ? - help, Q - select action, (/) - cycle Shift-Dir - straight line, f/p - ball python
Aim: a ball python (poisoned, 52% to hit)
You throw a poisoned dart.
The poisoned dart barely misses the ball python.
You feel a bit more experienced.
The jelly quivers.
Casting: Beastly Appendage (safe; 11% risk of failure)
Confirm with . or Enter, or press ? or * to list all spells.
You grow a pair of large bovine horns.
Your feet morph into talons.
The jelly hits you.
You are splashed with acid!
You hit the jelly.
The jelly is poisoned.
The acid corrodes you!
Your hands burn!
The jelly is lightly wounded.
The jelly hits you.
You are splashed with acid!
You are too injured to fight recklessly!
You are too injured to fight recklessly!
You barely miss the jelly. You claw the jelly.
The jelly is moderately wounded.
The jelly hits you.
You are splashed with acid!
You hit the jelly. The acid corrodes you!
Your hands burn!
* * * LOW HITPOINT WARNING * * *
You claw the jelly, but do no damage.
The jelly is moderately wounded.
The jelly hits you.
* * * LOW HITPOINT WARNING * * *
The acid corrodes you!
You are splashed with acid.
* * * LOW HITPOINT WARNING * * *
Unknown command.
You aren't carrying any items that you can evoke.
Unknown command.
Really quaff the potion of lignification?
Your horns disappear.
Your talons disappear.
You turn into a tree.
Your +0 robe melds into your body.
Your roots penetrate the ground.
The jelly hits you.
* * * LOW HITPOINT WARNING * * *
The acid corrodes you!
You are splashed with acid!
* * * LOW HITPOINT WARNING * * *
You hit the jelly but do no damage.
Your branches burn!
You die...

.##.....?.(J...
#.$.....(.$..
..............
#########
###............
#....§§§#
#............
##.####§# #.........
#.# #§# #.........
#.##########.........
#........♣J..........
############.........
#......... #.........
.......... ..........
...######## ...#


You could see a jelly (very poisoned).

Vanquished Creatures
  2 orc priests
  3 adders
  2 dart slugs (D:1)
  4 orcs
  8 ball pythons
  7 bats
  4 endoplasms
  A giant cockroach (D:1)
  5 goblins
  3 hobgoblins
  3 quokkas
  4 frilled lizards (D:1)
  7 kobolds
  A rat (D:1)
54 creatures vanquished.

Notes
Turn   | Place    | Note
-------+----------+-------------------------------------------
     0 | D:1      | DrCj the Ogre Transmuter began the quest for the Orb.
     0 | D:1      | Reached XP level 1. HP: 19/19 MP: 3/3
   237 | D:1      | Reached skill level 3 in Unarmed Combat
   237 | D:1      | Reached XP level 2. HP: 28/28 MP: 3/5
   976 | D:1      | Learned a level 2 spell: Wereblood
  1134 | D:1      | Reached XP level 3. HP: 31/36 MP: 4/6
  1719 | D:2      | Reached XP level 4. HP: 12/44 MP: 5/7
  1995 | D:2      | Reached skill level 4 in Unarmed Combat
  2541 | D:2      | Found a faded altar of an unknown god.
  3150 | D:3      | Found a shadowy altar of Dithmenos.
  3330 | D:3      | Reached XP level 5. HP: 50/53 MP: 8/8
  3609 | D:3      | Found Ynaiwka's Antique Weapon Emporium.
  3861 | D:4      | Found Jutsefo's Weapon Boutique.
  3931 | D:4      | HP: 2/81 [acid (9)]
  3932 | D:4      | Splashed by a jelly's acid

Illustrated notes

Levels and vault maps discovered:
D:1:      dpeg_arrival_court, layout_basic
D:2:      layout_basic, ebering_ecumenical_altar_rust
D:3:      layout_loops_ring, nicolae_overflow_hidden_temple, serial_shops,
          nicolae_shop_advertising_works [nicolae_subvault_shop_adworks],
          minivault_19, serial_park_tiny_1
D:4:      layout_basic, serial_shops, shop

Skill      XL: |  1  2  3  4 |
---------------+-------------+-----
Unarmed Combat | 3 4 |  4.6
Fighting       | 2 3 |  3.8
Dodging        | |  1.7
Spellcasting   | |  2.4
Transmutations | |  1.7

Action                   |  1- 3 |  4- 6 || total
-------------------------+-------+-------++-------
Melee: Unarmed           |    89 |    42 ||   131
       Kick              |     8 |    14 ||    22
       Headbutt          |     5 |    10 ||    15
       Punch             |     2 |     2 ||     4
       Dagger            |       |    26 ||    26
Throw: Dart              |       |     3 ||     3
 Cast: Beastly Appendage |    14 |    18 ||    32
       Wereblood         |     1 |     3 ||     4
  Use: Scroll            |     1 |     3 ||     4
       Potion            |       |     1 ||     1
 Stab: Sleeping          |     1 |       ||     1
Armor: Robe              |    31 |    20 ||    51
Dodge: Dodged            |    49 |    35 ||    84

Table legend: (Time is in decaauts)
 A = Elapsed time spent in this place.
 B = Non-inter-level travel time spent in this place.
 C = Inter-level travel time spent in this place.
 D = Time resting spent in this place.
 E = Time spent auto-exploring this place.
 F = Levels seen in this place.
 G = Mean time per level.
                   A        B        C        D        E       F      G
               +--------+--------+--------+--------+--------+-----+--------+
         Total |   3923 |   3747 |    176 |      0 |   3135 |   4 |  980.8 |
       Dungeon |   3923 |   3747 |    176 |      0 |   3135 |   4 |  980.8 |
               +--------+--------+--------+--------+--------+-----+--------+

Top non-repeatable levels by time:
     D:1: 1472 daAuts
     D:2: 1363 daAuts
     D:3: 1036 daAuts
     D:4: 52 daAuts
